Map: Prion Terraces

Players

avilo

  • Race: Terran Terran
  • League: Grandmaster

Jason - Winner!

  • Race: Terran Terran
  • League: Grandmaster

VOD

Have the link to the VOD?

Description

Time

  • Played on: Dec. 14, 2015, 8:17 p.m.
  • Length: 36:05
Show
View Real Time Build Order
Export as new Build Order

avilo Terran 

Build Orders: Bio Tank, Banshee Rush 

Get SALT Encoding   

  12  0:00  SCV  
  13  0:13  SCV  
  14  0:17  Supply Depot  
  14  0:25  SCV  
  15  0:39  SCV  
  15  0:42  Barracks  
  16  0:48  Refinery  
  16  0:51  SCV  
  17  0:57  Refinery  
  17  1:03  SCV  
  18  1:15  SCV  
  19  1:30  Orbital Command  
  19  1:32  Reaper  
  20  1:34  Supply Depot  
  20  1:49  Factory  
  20  1:56  SCV  
  21  2:07  Reaper  
  22  2:10  SCV  
  22  2:22  SCV  
  23  2:33  Hellion  
  25  2:40  Command Center  
  25  2:45  SCV  
  26  2:52  Starport  
  26  2:54  Reaper  
  26  2:58  Hellion  
  29  3:00  SCV  
  30  3:07  Supply Depot  
  30  3:12  SCV  
  31  3:19  Factory Tech Lab  
  31  3:29  SCV  
  32  3:39  Barracks Reactor  
  32  3:41  SCV  
  33  3:43  Factory Tech Lab  
  33  3:44  Banshee, Cloaking Field  
  35  4:04  SCV  
  33  4:10  Cyclone  
  33  4:11  Orbital Command  
  34  4:17  SCV  
  34  4:20  Bunker  
  34  4:21  Marine x2  
  36  4:27  Banshee  
  36  4:29  SCV  
  40  4:35  Barracks  
  40  4:36  Barracks  
  40  4:39  SCV  
  40  4:41  SCV  
  42  4:50  Engineering Bay  
  42  4:53  SCV x2  
  44  5:08  SCV x2, Factory Tech Lab  
  44  5:10  Stimpack, Marauder  
  44  5:12  Banshee  
  51  5:17  Supply Depot, Missile Turret  
  51  5:18  Terran Infantry Weapons Level 1  
  51  5:26  SCV  
  51  5:27  SCV  
  51  5:28  Missile Turret  
  50  5:48  SCV x2  
  49  5:51  Barracks Reactor  
  49  5:52  Command Center  
  49  5:56  Marauder  
  51  5:57  Banshee  
  51  6:01  Supply Depot, SCV  
  51  6:02  SCV  
  56  6:04  Refinery  
  56  6:06  Refinery  
  56  6:14  SCV x2  
  56  6:15  Supply Depot, Marine x2  
  56  6:17  Marine  
  61  6:22  Siege Tank  
  64  6:26  SCV x2  
  66  6:41  SCV x2  
  66  6:42  Marine x4  
  69  6:49  Factory  
  69  6:51  Starport Reactor  
  69  6:53  SCV x2  
  71  6:54  Barracks  
  71  6:56  Missile Turret  
  71  7:06  SCV x2  
  71  7:07  Orbital Command  
  71  7:08  Supply Depot, Marine x4  
  70  7:09  Marine  
  70  7:11  Siege Tank  
  70  7:14  Terran Infantry Armor Level 1  
  78  7:18  SCV  
  78  7:20  SCV  
  78  7:22  Sensor Tower  
  80  7:25  Barracks  
  80  7:37  SCV x2  
  79  7:39  Marine x5  
  79  7:40  Orbital Command  
  66  7:44  Medivac x2  
  84  7:45  Barracks Reactor  
  88  7:53  Combat Shields, Sensor Tower  
  88  7:56  Bunker  
  88  8:00  SCV x2  
  88  8:02  Missile Turret  
  88  8:05  SCV, Missile Turret  
  90  8:06  Marine x5  
  90  8:12  SCV x2  
  98  8:19  Marine  
  99  8:24  Marine x2  
  99  8:25  Marine  
  101  8:30  Supply Depot  
  101  8:32  Supply Depot  
  101  8:37  Armory  
  101  8:38  Engineering Bay  
  101  8:49  Orbital Command  
  101  8:50  Supply Depot  
  101  8:52  Medivac x2, Siege Tank, Marine  
  101  8:53  SCV, Siege Tank, Marine  
  114  9:09  Refinery  
  114  9:15  Refinery  
  114  9:16  Marine x7  
  97  9:24  SCV x3  
  97  9:29  Siege Tank  
  97  9:30  Siege Tank  
  106  9:37  Command Center  
  105  9:49  Marine x8  
  112  9:55  Sensor Tower  
  112  10:06  Siege Tank x2  
  112  10:07  SCV, Marine x4  
  118  10:08  SCV  
  118  10:14  Terran Infantry Weapons Level 2  
  124  10:15  Terran Infantry Armor Level 2  
  124  10:17  Terran Vehicle Weapons Level 1  
  124  10:29  Marine  
  124  10:35  Supply Depot x2  
  125  10:37  Supply Depot x2  
  125  10:40  Marine x7  
  125  11:04  Marine x4  
  125  11:05  Marine x4  
  125  11:06  Siege Tank x2  
  138  11:19  Missile Turret  
  138  11:21  Missile Turret, Medivac x2  
  138  11:22  Sensor Tower, Missile Turret  
  138  11:23  Refinery  
  142  11:26  Refinery  
  142  11:29  Planetary Fortress  
  142  11:30  Bunker  
  142  11:34  SCV x2  
  143  11:47  Marine  
  143  11:48  Marine x7  
  143  11:49  Siege Tank  
  143  11:50  Siege Tank  
  147  12:19  Marine x5  
  147  12:20  Marine x3  
  155  12:29  Siege Tank x2, Medivac x2  
  165  12:34  Supply Depot  
  165  12:36  Command Center  
  165  12:37  Marine x5  
  168  12:54  Marine  
  168  12:55  Marine x3  
  168  12:57  Terran Infantry Weapons Level 3  
  168  12:58  Terran Infantry Armor Level 3  
  173  12:59  Barracks Reactor  
  173  13:01  Siege Tank  
  173  13:02  Siege Tank  
  159  13:22  Marine x6  
  159  13:23  Marine  
  166  13:30  Terran Vehicle Weapons Level 2  
  166  13:34  Armory  
  166  13:36  Starport  
  166  13:37  Starport  
  166  13:40  Marine x2  
  168  13:45  Marine x7  
  168  13:46  Siege Tank x2  
  181  13:58  Marine  
  175  14:05  Barracks  
  175  14:06  Factory  
  175  14:07  Factory, Barracks  
  167  14:15  Refinery  
  158  14:30  Marine x5  
  147  14:52  Marine x6  
  145  14:53  Marine x3  
  145  14:57  Planetary Fortress  
  151  15:00  Command Center  
  146  15:15  Starport Tech Lab x2  
  146  15:19  Missile Turret  
  146  15:27  Marine x2  
  146  15:28  Marine x6  
  152  15:30  Factory Tech Lab  
  152  15:31  Factory Tech Lab, Barracks Reactor  
  145  16:00  Marine  
  145  16:01  Marine x8  
  145  16:03  Siege Tank x3  
  163  16:04  Raven x2  
  113  16:18  Marine x2  
  113  16:20  Marine x5  
  113  16:21  Siege Tank  
  121  16:34  Medivac x2  
  121  16:35  Siege Tank x2  
  131  16:40  Marine  
  131  16:41  Marine x5  
  137  16:47  Medivac  
  137  16:53  Medivac  
  139  17:03  Terran Vehicle Weapons Level 3  
  139  17:04  Viking, Medivac  
  143  17:16  Siege Tank x2  
  143  17:17  Siege Tank  
  152  17:24  Marine  
  153  17:30  Planetary Fortress  
  152  17:52  Viking x2, Medivac x2  
  152  17:53  Siege Tank x3  
  152  17:54  Marine x7  
  152  17:55  Marine x2  
  178  18:01  Refinery  
  177  18:14  Siege Tank, Marine x6  
  186  18:25  Siege Tank  
  178  18:59  Refinery  
  178  19:00  Missile Turret  
  178  19:06  Marine x2  
  178  19:07  Marauder, Marine x5  
  178  19:08  Medivac  
  178  19:09  Viking, Raven x2  
  195  19:13  SCV  
  192  19:28  Marauder  
  194  19:36  Corvid Reactor  
  193  19:47  Terran Vehicle And Ship Armor Level 1, Terran Ship Weapons Level 1  
  193  19:50  Supply Depot  
  193  19:52  Marine  
  188  19:53  Supply Depot, Raven, Marine  
  188  20:07  Sensor Tower  
  188  20:09  Missile Turret  
  188  20:10  Missile Turret  
  188  20:11  Viking, Siege Tank, Marine x3  
  188  20:12  Supply Depot  
  196  20:14  Siege Tank, Marine  
  196  20:18  Supply Depot  
  196  20:19  Missile Turret  
  200  20:32  Command Center  
  200  21:17  Marine  
  200  21:22  Viking  
  200  21:23  Viking  
  198  21:38  Viking  
  200  21:49  Command Center  
  200  21:50  Command Center  
  193  22:10  Viking x3  
  199  23:26  Command Center  
  199  23:35  Command Center  
  198  23:55  Command Center  
  198  23:57  Command Center  
  198  24:07  Raven  
  178  24:32  Viking x2, Raven  
  178  24:34  Marine x8  
  178  24:35  Marine x3  
  195  24:49  Medivac  
  195  24:52  Marine  
  198  25:02  Medivac  
  197  25:07  Viking  
  189  25:31  Marine x6  
  190  25:36  Terran Ship Weapons Level 2, Terran Vehicle And Ship Armor Level 2  
  186  25:44  Liberator x2  
  186  25:49  Marine x5  
  191  25:50  Viking x2  
  178  27:37  Viking, Raven x2  
  178  27:38  Viking  
  184  27:54  Siege Tank x2  
  184  27:55  Siege Tank  
  159  28:41  Marine x2  
  159  28:42  Marine  
Show
View Real Time Build Order
Export as new Build Order

Jason Terran - Winner!

Build Orders: Reaper Expand, MMM Bio 

Get SALT Encoding   

  12  0:01  SCV  
  13  0:13  SCV  
  14  0:18  Supply Depot  
  14  0:25  SCV  
  15  0:39  SCV, Barracks  
  16  0:44  Refinery  
  16  0:51  SCV  
  17  1:03  SCV  
  18  1:15  SCV  
  19  1:28  Reaper, Orbital Command  
  20  1:43  Command Center  
  20  1:55  SCV  
  20  1:57  Supply Depot  
  20  2:00  Barracks Reactor  
  21  2:10  SCV  
  22  2:17  Barracks  
  22  2:22  SCV  
  23  2:27  Factory  
  23  2:34  SCV  
  24  2:38  Marine x2  
  26  2:45  Bunker  
  26  2:47  SCV, Refinery  
  27  2:59  Marine x2  
  27  3:00  SCV  
  30  3:06  Barracks Tech Lab  
  30  3:11  Orbital Command  
  30  3:16  Engineering Bay  
  30  3:18  SCV  
  31  3:22  Marine x2  
  33  3:30  SCV  
  33  3:32  Cyclone  
  37  3:37  SCV  
  38  3:42  Supply Depot, SCV  
  38  3:44  Missile Turret  
  39  3:50  SCV, Missile Turret  
  39  4:10  Cyclone  
  39  4:12  SCV  
  39  4:15  SCV  
  44  4:17  Refinery  
  44  4:19  Supply Depot  
  44  4:20  Missile Turret, Marine x2  
  44  4:21  Marine  
  47  4:24  SCV  
  47  4:29  SCV  
  47  4:31  Starport  
  49  4:36  SCV  
  50  4:41  SCV  
  51  4:48  SCV, Marine x2  
  54  4:54  SCV, Factory Reactor  
  54  4:56  Supply Depot  
  54  4:57  Stimpack  
  54  4:58  Marine  
  56  5:01  SCV  
  56  5:06  SCV  
  56  5:07  Supply Depot, Marine x2  
  57  5:13  SCV  
  60  5:18  SCV  
  60  5:19  Marauder  
  63  5:25  SCV  
  64  5:29  Supply Depot, Marine x2  
  64  5:30  SCV  
  67  5:37  SCV  
  67  5:40  Medivac  
  67  5:41  Factory Tech Lab  
  67  5:42  SCV  
  71  5:49  Command Center  
  70  5:51  SCV  
  70  5:52  Marine  
  70  5:55  SCV, Marine  
  70  5:56  Marine  
  75  6:03  SCV  
  76  6:10  Marine  
  77  6:11  Medivac x2  
  77  6:12  Siege Tank  
  77  6:15  Supply Depot  
  84  6:20  SCV  
  84  6:21  Supply Depot  
  84  6:25  SCV, Barracks  
  86  6:30  Barracks  
  86  6:36  Marine x2  
  87  6:42  Marine  
  87  6:43  Medivac x2  
  87  6:46  SCV  
  92  6:48  Supply Depot  
  92  6:49  Supply Depot, SCV  
  93  6:54  Marine x2  
  93  6:58  SCV  
  96  7:01  SCV  
  96  7:05  Marine  
  96  7:07  Siege Tank, Orbital Command  
  100  7:12  Marine  
  100  7:13  Refinery  
  100  7:15  Combat Shields  
  101  7:17  Barracks Tech Lab  
  101  7:18  SCV  
  101  7:19  SCV  
  101  7:21  Barracks Tech Lab  
  103  7:26  Supply Depot  
  103  7:30  SCV  
  103  7:31  SCV  
  101  7:37  Marine  
  101  7:39  Siege Tank  
  101  7:41  Orbital Command  
  101  7:43  SCV  
  106  7:45  Marine x2  
  108  7:52  Command Center, Refinery  
  108  7:53  SCV  
  108  7:55  SCV, Refinery, Marine x2  
  112  8:00  Terran Infantry Weapons Level 1  
  112  8:05  Engineering Bay  
  112  8:06  SCV  
  112  8:09  Marine  
  113  8:15  Marine  
  113  8:17  Marine  
  113  8:18  Marine x2  
  117  8:26  Marine  
  118  8:27  SCV  
  118  8:28  SCV x2  
  118  8:33  Marine  
  122  8:35  Supply Depot, Medivac x2, Marine x2  
  122  8:36  Armory, Marine  
  122  8:39  SCV  
  122  8:40  SCV x2  
  132  8:50  Sensor Tower  
  132  8:51  SCV, Sensor Tower x2  
  132  8:52  SCV  
  132  8:53  SCV  
  132  8:54  Marine x2  
  137  8:57  Marine  
  137  8:58  Marine x2  
  140  9:03  SCV  
  140  9:04  Terran Infantry Armor Level 1, SCV  
  140  9:05  SCV  
  143  9:12  Marine x2  
  143  9:14  Marine  
  131  9:17  Marine  
  131  9:18  Marine  
  122  9:24  Siege Tank  
  122  9:30  Marine x2  
  124  9:32  Marine  
  124  9:35  Marine  
  124  9:36  Medivac, Marine  
  127  9:39  Barracks  
  127  9:40  Barracks  
  122  9:47  Refinery x2  
  122  9:48  Marine x2  
  122  9:50  Marine  
  122  9:52  SCV, Marine  
  122  9:54  Marine  
  122  9:55  Factory  
  122  9:57  SCV  
  125  10:01  Supply Depot x2  
  125  10:04  Planetary Fortress  
  125  10:05  SCV x2  
  125  10:06  Marine x2  
  129  10:08  Marine  
  129  10:10  Marine  
  129  10:11  Factory  
  129  10:12  Marine  
  132  10:15  Siege Tank  
  132  10:16  SCV  
  136  10:23  Marine x2  
  136  10:26  Marine  
  136  10:27  Marine  
  136  10:28  SCV, Marine  
  141  10:30  Marine  
  141  10:31  Barracks Reactor  
  141  10:32  Sensor Tower  
  141  10:33  SCV x2  
  145  10:40  SCV  
  145  10:41  Marine x2  
  148  10:44  Marine  
  148  10:45  Marine  
  148  10:46  Marine  
  148  10:47  Siege Tank, Marine  
  155  10:51  Factory Tech Lab  
  154  10:59  Marine x2  
  154  11:01  Marine  
  154  11:02  Marine  
  154  11:04  Marine  
  158  11:05  Marine  
  158  11:06  Sensor Tower  
  158  11:09  Marine x2  
  162  11:12  Factory Tech Lab  
  162  11:13  Terran Infantry Weapons Level 2, Terran Infantry Armor Level 2  
  162  11:16  Siege Tank, Medivac x2  
  162  11:17  Marine x2  
  171  11:19  Marine  
  171  11:20  Marine  
  171  11:21  Marine  
  171  11:23  Marine  
  171  11:24  Supply Depot  
  175  11:25  Starport  
  175  11:26  Supply Depot  
  175  11:27  Siege Tank, Marine x2  
  180  11:45  Marine x8  
  188  11:49  Command Center  
  188  11:53  Siege Tank  
  191  11:55  Siege Tank  
  194  12:03  Marine x2  
  194  12:07  Marine  
  194  12:08  Marine x4  
  196  12:15  Marine  
  160  12:19  Siege Tank  
  160  12:21  Marine x2  
  148  12:25  Marine  
  148  12:26  Marine x4  
  148  12:27  Medivac x3  
  156  12:33  Marine  
  157  12:38  Marine x2  
  157  12:43  Marine x5  
  163  12:51  Marine  
  163  12:54  Siege Tank x2  
  163  12:55  Siege Tank  
  163  12:56  Marine x2  
  175  13:01  Marine x5  
  180  13:09  Marine  
  179  13:14  Marine x2  
  179  13:19  Marine x5  
  152  13:26  Siege Tank x2, Marine  
  162  13:27  Siege Tank  
  162  13:29  Viking, Medivac x2  
  162  13:32  Marine x2  
  170  13:36  Marine  
  170  13:37  Marine x4  
  175  13:44  Sensor Tower, Marine  
  176  13:50  Marine x2  
  176  13:54  Marine  
  176  13:55  Marine x4  
  183  13:58  Siege Tank x2  
  183  13:59  Viking x3  
  183  14:02  Marine  
  196  14:07  Marine  
  196  14:08  Marine  
  195  14:12  Marine x5  
  197  14:19  Siege Tank  
  200  14:28  Marine x3  
  194  14:40  Terran Infantry Weapons Level 3, Terran Infantry Armor Level 3  
  191  14:50  Marine x3  
  191  14:51  Siege Tank  
  186  14:56  Viking  
  186  14:57  Marine  
  189  15:01  Marine  
  189  15:03  Marine x2  
  192  15:13  Marine  
  193  15:17  Marine x2  
  193  15:18  Marine  
  193  15:19  Siege Tank, Marine  
  200  16:04  Starport x3  
  190  16:13  Marine x3  
  190  16:16  Siege Tank  
  171  16:22  Marine x3  
  171  16:23  Marine x2  
  176  16:25  Siege Tank  
  176  16:28  Viking x2  
  176  16:29  Viking  
  176  16:31  Marine x3  
  187  16:33  Planetary Fortress  
  187  16:39  Marine  
  187  16:40  Marine x3  
  187  16:41  Marine  
  190  16:56  Marine  
  190  16:58  Viking x2  
  190  16:59  Viking, Starport Tech Lab x3  
  196  17:03  Command Center, Sensor Tower, Missile Turret  
  196  17:04  Missile Turret  
  196  17:09  Refinery  
  196  17:11  Refinery  
  196  17:22  Banshee x2  
  200  17:23  Cloaking Field  
  200  17:26  Fusion Core  
  195  17:57  Banshee  
  198  17:59  Marine x2  
  197  18:13  Siege Tank  
  200  18:32  Command Center  
  200  18:40  Viking  
  196  18:51  Command Center, Viking, Refinery  
  196  18:52  Viking, Refinery  
  197  19:03  Viking  
  197  19:13  Viking  
  197  19:14  Banshee  
  200  19:31  Planetary Fortress  
  189  19:57  Viking x2  
  183  20:02  Viking x2  
  183  20:03  Marauder, Marine x2  
  183  20:04  Marauder x2  
  183  20:05  Marine  
  183  20:06  Marine x2  
  198  20:19  Viking  
  198  20:20  Planetary Fortress  
  193  20:55  Siege Tank x3  
  199  21:04  Marine  
  197  21:34  Marine x3  
  192  21:50  Battlecruiser  
  192  21:51  Marine  
  193  22:16  Marine  
  193  22:17  Marine x2  
  196  22:23  Viking x2  
  200  22:46  Marine x2  
  200  22:48  Marine  
  200  22:49  Marine x2  
  200  22:50  Marine x3  
  200  22:53  Weapon Refit  
  196  23:12  Orbital Command  
  196  23:13  Command Center  
  196  23:14  Command Center, Marine  
  196  23:18  Command Center  
  197  23:22  Marine  
  197  23:23  Marine  
  197  23:24  Marine x3  
  197  23:25  Marine x2  
  198  23:32  Marine  
  199  23:38  Missile Turret  
  199  23:40  Missile Turret, Marine  
  200  23:41  Sensor Tower  
  200  23:42  Missile Turret  
  200  23:43  Marine x3  
  200  23:44  Missile Turret  
  197  23:49  Siege Tank  
  200  24:09  Bunker  
  200  24:10  Bunker  
  200  24:16  Marine x3  
  200  24:17  Marine x3  
  195  24:19  Marine x2  
  191  24:34  Battlecruiser, Marine x3  
  199  24:41  Marine  
  200  24:57  SCV  
  200  25:06  Battlecruiser  
  200  25:19  SCV  
  198  25:30  Viking  
  198  25:32  Viking x2  
  199  25:39  Marine  
  200  25:46  Marine x2  
  200  25:48  Marine x2  
  190  25:56  Marine  
  190  25:57  Marine  
  191  25:58  Marine x2  
  191  25:59  Siege Tank x2  
  200  26:07  SCV  
  200  26:16  Marine  
  200  26:17  SCV  
  198  26:20  SCV  
  198  26:21  Marine  
  196  26:55  Marine x2  
  196  26:59  Orbital Command x3  
  198  27:02  Marine  
  199  27:12  Marine  
  200  27:28  Marine  
  198  27:45  Battlecruiser  
  198  27:51  Marine  
  192  27:53  Marine x2  
  192  27:54  Viking x2  
  198  28:10  Marine x6  
  198  28:11  Siege Tank  
  198  28:12  Siege Tank  
  187  28:22  Viking  
  187  28:23  Marine x2  
  187  28:26  Viking x2  
  170  28:27  Marine  
  170  28:28  Viking x2, Marine x3  
  170  28:30  Marine  
  170  28:34  Marine  
  170  28:40  Marine x2  
  172  28:45  Marine x2  
  172  28:48  Siege Tank  
  177  28:49  Viking  
  177  28:51  Marine  
  177  28:52  Viking  
  182  28:56  Viking  
  182  28:58  Viking  
  184  29:10  Viking x2  
  184  29:12  SCV  
  184  29:13  Marine  
  174  29:37  Marine x2  
  174  29:38  Marine x4  
  153  29:39  Marine  
  153  29:41  Viking x2  
  151  29:46  Marine  
  140  29:52  Viking  
  140  29:55  Marine  
  131  30:00  Marine x2  
  131  30:03  Marine  
  134  30:12  Viking  
Tags
 
Add a new tag
Caveats
  • Supply blocks, unpowered buildings, or Contaminate may cause inaccurate times.
  • Supply counts are checked every 10 seconds.